Alan, chaotic male human Rogue @ Alan the Cutpurse Experience level: 4 Strength: 14 Dexterity: 18 Constitution: 15 Intelligence: 9 Wisdom: 11 Charisma: 10 Health: 0(33) Energy: 18(18) Def: 6 Gold: 1220 Moves: 3279 Dungeon seed: CKJUdVeTxwO0Orzy Game ID: Alan_1522221967 Your Inventory: Coins $ - 1220 gold pieces Weapons a - an uncursed +0 short sword (alternate weapon; not wielded) c - the uncursed fireproof +0 Sting w - 2 blessed +1 darts (wielded) Armor e - an uncursed +0 orcish helm (being worn) n - an uncursed +0 dwarvish cloak (being worn) P - an uncursed +0 studded leather armor (being worn) Y - an uncursed +0 pair of iron shoes (being worn) Comestibles h - 4 uncursed food rations A - 2 uncursed fortune cookies Scrolls q - a blessed scroll of fire C - an uncursed scroll of gold detection J - an uncursed scroll of enchant armor K - an uncursed scroll of identify O - an uncursed scroll of light Spellbooks H - an uncursed spellbook of wizard lock Rings m - an uncursed ring of invisibility Wands v - an uncursed wand of teleportation (0:5) Tools b - a cursed tallow candle (0:200) d - an uncursed lock pick f - an uncursed oil lamp (0:1360) u - a blessed tallow candle (0:200) x - 5 uncursed tallow candles (0:200) Gems r - an uncursed worthless piece of red glass y - an uncursed worthless piece of black glass z - an uncursed worthless piece of orange glass V - an uncursed jacinth stone Spells and supernatural/magical abilities: Name Level Category Cost Memory W - pray for help -- divine ? -- Your skills at the end: Fighting Skills wands [Basic] Weapon Skills dagger [Basic] short sword [Basic] Spellcasting Skills Final Attributes: You were stealthy. You were swallowed by an energy vortex. You got a gift from your god 481 turns ago. You are dead. Vanquished creatures: 2 leprechauns a pony a gnome lord a straw golem a giant ant 2 kittens 2 dwarves a kobold lord 7 hill orcs a giant bat a monkey 2 iguanas 2 acid blobs a gas spore 2 hobbits 11 gnomes 6 garter snakes 3 geckos 9 jackals a fox 4 goblins 6 grid bugs 2 bats 6 lichens 8 newts 83 creatures vanquished. Voluntary challenges: You used a wielded weapon 15 times, starting on turn 79. You read items or engraved 91 times, starting on turn 250. You never genocided any monsters. You never polymorphed an object. You never changed form. You used no wishes. You never split a pudding. You wrote Elbereth's name 81 times, starting on turn 251. You never violated your personal moral code. Dungeon overview: The Dungeons of Doom: levels 1 to 8 Level 1 a fountain a long staircase Level 2 an altar to Kos, a fountain stairs to The Gnomish Mines Level 3 a fountain Level 4 a fountain Level 5 a vault Level 6 a fountain Level 7 <- You were here Level 8 The Gnomish Mines: Level 3 stairs to The Dungeons of Doom History has recorded: On T:1 you entered the Dungeons of Doom to retrieve the Amulet of Yendor! On T:264 you reached level 1 of The Gnomish Mines. On T:321 you reached level 3 of The Dungeons of Doom. On T:815 you reached level 4 of The Dungeons of Doom. On T:891 you advanced to experience level 2. On T:1093 you reached level 5 of The Dungeons of Doom. On T:1437 you reached level 6 of The Dungeons of Doom. On T:1944 you reached level 7 of The Dungeons of Doom. On T:2136 you reached level 8 of The Dungeons of Doom. On T:2352 you advanced to experience level 3. On T:2514 you advanced to experience level 4. On T:2798 you received Sting from Kos. Score breakdown: Gold: 1220 (10499 points) Experience: 4 levels ( 9649 points) Exploration: 8 levels ( 16.67%) (11577 points) Discoveries: 5 items ( 1.66%) ( 3860 points) Valuables value: (no points given unless you survive) Artifact value: 800 ( 9877 points) Variety of kills: 25 monsters ( 6.58%) ( 7694 points) Turncount: 3279 turns ( -731 points) Survival: died (score multiplied by 80%) Total score: 41940 Latest messages: The dart hits the energy vortex. The air around you crackles with electricity. You get expelled! The grid bug misses. g - 2 uncursed +0 daggers (in quiver). The grid bug bites! You are zapped! The energy vortex engulfs you! The air around you crackles with electricity. You throw 2 daggers. The 1st dagger hits the energy vortex. The 2nd dagger hits the energy vortex. The air around you crackles with electricity. It must be an uncursed wand of teleportation. The dart hits the energy vortex. The air around you crackles with electricity. You get expelled! The energy vortex engulfs you! The air around you crackles with electricity. You die... Final status: Goodbye Alan the Rogue, killed by an energy vortex... You died in The Dungeons of Doom on dungeon level 7 with 41940 points, and 1220 pieces of gold, after 3279 moves. You were level 4 with a maximum of 33 hit points when you died.